 Dungeon Crawl Stone Soup version 0.22.0-49-gab54619674 (webtiles) character file.

2103 JedernureinKreuz the Conjurer (level 9, 0/65 HPs)
             Began as a Gnoll Conjurer on Sept 9, 2018.
             Was an Initiate of Dithmenos.
             Slain by a hound (4 damage)
             ... on level 6 of the Dungeon.
             The game lasted 00:32:24 (5155 turns).

JedernureinKreuz the Conjurer (Gnoll Conjurer)      Turns: 5155, Time: 00:32:25

Health: 0/65       AC:  5    Str: 10    XL:     9   Next: 28%
Magic:  16/18      EV: 15    Int: 20    God:    Dithmenos [......]
Gold:   259        SH:  0    Dex: 17    Spells: 8/21 levels left

rFire    . . .     SeeInvis .   a - +2 dagger (protect)
rCold    + . .     Gourm    .   (no shield)
rNeg     + . .     Faith    .   d - +0 leather armour
rPois    .         Spirit   .   G - +0 helmet
rElec    .         Reflect  .   I - +0 cloak
rCorr    .         Harm     .   (no gloves)
MR       .....                  (no boots)
Stlth    +++.......             (no amulet)
HPRegen  0.20/turn              q - ring of protection from cold
MPRegen  0.16/turn              A - ring of positive energy

@: hasted, very quick
A: distributed training, fangs 1, strong nose
a: Renounce Religion


You were on level 6 of the Dungeon.
You worshipped Dithmenos.
Dithmenos was noncommittal.
You were very hungry.

You visited 2 branches of the dungeon, and saw 8 of its levels.

You collected 259 gold pieces.

Inventory:

Hand Weapons
 a - a +2 dagger of protection (weapon)
 b - a +2 whip of freezing
 e - a +0 club
 g - a +0 dagger
 p - a +1 short sword of speed
 w - a +0 dire flail of protection
 J - a +2 quarterstaff of chaos
 N - a +0 shortbow
Missiles
 n - 62 arrows
 t - 27 poisoned needles
 z - 26 sling bullets
 H - 89 stones
 M - 3 tomahawks (quivered)
Armour
 d - a +0 leather armour (worn)
 h - a +0 robe
 G - a +0 helmet (worn)
 I - a +0 cloak (worn)
Jewellery
 q - a ring of protection from cold (left hand)
 x - an uncursed ring of protection from fire
 A - a ring of positive energy (right hand)
Scrolls
 k - 2 scrolls of teleportation {unknown}
 l - 2 scrolls of magic mapping {unknown}
 m - 4 scrolls of blinking
 r - 2 scrolls of identify
 s - 6 scrolls of remove curse
 v - a scroll of random uselessness {unknown}
 y - a scroll of enchant armour {unknown}
 B - a scroll of enchant weapon {unknown}
 D - 2 scrolls of fog {unknown}
 K - a scroll of noise {unknown}
 O - a scroll of immolation {unknown}
Potions
 f - a potion of haste
 i - a potion of flight {unknown}
 j - 3 potions of curing {unknown}
 o - 2 potions of magic {unknown}
 u - 2 potions of resistance {unknown}
 C - a potion of agility {unknown}
 F - a potion of heal wounds {unknown}
 L - a potion of might {unknown}
 P - a potion of cancellation {unknown}
Comestibles
 c - 12 rations


   Skills:
 + Level 4.0 Fighting
 + Level 4.0 Short Blades
 + Level 4.0 Long Blades
 + Level 4.0 Axes
 + Level 4.0 Maces & Flails
 + Level 4.0 Polearms
 + Level 4.0 Staves
 + Level 4.0 Slings
 + Level 4.0 Bows
 + Level 4.0 Crossbows
 + Level 4.0 Throwing
 + Level 4.0 Armour
 + Level 6.1 Dodging
 + Level 5.9 Stealth
 + Level 4.0 Shields
 + Level 4.0 Unarmed Combat
 + Level 6.5 Spellcasting
 + Level 7.9 Conjurations
 + Level 3.3 Hexes
 + Level 3.3 Charms
 + Level 3.3 Summonings
 + Level 3.3 Necromancy
 + Level 3.3 Translocations
 + Level 3.3 Transmutations
 + Level 3.3 Fire Magic
 + Level 3.3 Ice Magic
 + Level 3.3 Air Magic
 + Level 3.3 Earth Magic
 + Level 3.3 Poison Magic
 + Level 4.4 Invocations
 + Level 4.0 Evocations


You had 8 spell levels left.
You knew the following spells:

 Your Spells              Type           Power        Failure   Level  Hunger
a - Magic Dart            Conj           ####         1%          1    None
b - Iskenderun's Mystic   Conj           #####...     4%          4    ###....
c - Dazzling Spray        Conj/Hex       ####..       3%          3    #......
d - Confuse               Hex            ###.....     10%         3    #......
e - Ensorcelled Hibernat  Hex/Ice        ###...       4%          2    None

Your spell library contained the following spells:

 Spells                   Type           Power        Failure   Level  Hunger
 Searing Ray              Conj           #####.       1%          2    None
 Corona                   Hex            ###....      3%          1    None
 Tukima's Dance           Hex            ###.....     10%         3    #......
 Force Lance              Conj/Tloc      ####....     13%         4    ###....
 Fulminant Prism          Conj/Hex       ####......   13%         4    ###....


Dungeon Overview and Level Annotations

Branches:
Dungeon (7/15)             Temple (1/1) D:6

Altars:
Ashenzari
Cheibriados
Dithmenos
Elyvilon
Fedhas
Gozag
Hepliaklqana
Kikubaaqudgha
Okawaru
Qazlal
Ru
Trog
Wu Jian
Yredelemnul
Zin
The Shining One


Innate Abilities, Weirdness & Mutations

Your experience applies equally to all skills.
You have very sharp teeth.
Your uncanny sense of smell can sniff out nearby items.


Message History

The crimson imp hits you but does no damage.
There is a stone staircase leading up, spattered with blood here.
The hound closely misses you.
You climb upwards.
There is a stone staircase leading down here.
The hound bites you but does no damage.
You climb downwards.
A jelly comes into view.
The crimson imp closely misses you.
There is a stone staircase leading up, spattered with blood here.
The jelly quivers.
The hound barely misses you. The crimson imp hits you.
* * * LOW HITPOINT WARNING * * *
You climb upwards.
There is a stone staircase leading down here.
Your +2 whip of freezing stops glowing.
Your +2 dagger of protection hums with potential!
a - a +2 dagger of protection (weapon)
The hound bites you.
You die...

..#'###...##...#..#.#............
..........##...#..#.#............
##........#.......#.#............
#................#.###'###+#....
##........#.#...............#....
.........##.##....#.###.######+#.
≈...........##..).#.###'#.# #.#.
≈≈≈....#'#..##..[.........####.#.
≈≈≈≈≈..........#@................
≈≈≈≈≈≈........##h5........####.#.
≈≈≈≈≈≈........##..........# ###.
≈≈≈≈≈≈........##..........# #.
≈≈≈≈≈≈........##..#+###.#.######'
≈≈≈≈≈......#####.#####........#..
≈≈≈............#+#............'..
≈..............#_#............#..
...............###........###.##'


You could see a hound and a crimson imp.

Vanquished Creatures
  Pikel (D:5)
  Joseph (D:7)
  2 sky beasts (D:6)
  An orc warrior (D:5)
  A slave (D:5)
  2 ogres
  A bullfrog (D:6)
  A wyvern zombie (D:6)
  A water moccasin zombie (D:7)
  A scorpion (D:5)
  A jelly (D:6)
  2 crimson imps
  2 hounds (D:4)
  A quasit (D:6)
  3 orc priests
  Crazy Yiuf (D:5)
  4 orc wizards
  3 worker ants
  A killer bee zombie (D:6)
  A hound skeleton (D:6)
  2 howler monkey skeletons
  5 adders
  A shadow imp (D:6)
  An ooze (D:1)
  5 worms (D:2)
  4 dart slugs
  3 leopard geckos
  17 orcs
  5 giant cockroaches
  8 goblins
  12 hobgoblins
  12 jackals (D:1)
  5 kobolds
  2 quokkas
  4 ball pythons
  8 bats
  4 frilled lizards
  A giant cockroach zombie (D:6)
  A jackal skeleton (D:5)
  2 quokka skeletons
  5 rats
138 creatures vanquished.

Vanquished Creatures (others)
  2 slaves (D:5)
  A worker ant (D:5)
  A shadow imp (D:5)
4 creatures vanquished.

Grand Total: 142 creatures vanquished

Notes
Turn   | Place    | Note
-------+----------+-------------------------------------------
     0 | D:1      | JedernureinKreuz the Gnoll Conjurer began the quest for the
                  | Orb.
     0 | D:1      | Reached XP level 1. HP: 13/13 MP: 6/6
    75 | D:1      | Reached XP level 2. HP: 16/19 MP: 4/7
   374 | D:1      | Reached XP level 3. HP: 20/25 MP: 6/9
   410 | D:1      | Reached skill level 5 in Spellcasting
   572 | D:1      | Reached skill level 1 in Invocations
   641 | D:1      | Reached skill level 1 in Fighting
   641 | D:1      | Reached skill level 1 in Short Blades
   641 | D:1      | Reached skill level 1 in Long Blades
   641 | D:1      | Reached skill level 1 in Axes
   641 | D:1      | Reached skill level 1 in Maces & Flails
   641 | D:1      | Reached skill level 1 in Polearms
   641 | D:1      | Reached skill level 1 in Staves
   641 | D:1      | Reached skill level 1 in Slings
   641 | D:1      | Reached skill level 1 in Bows
   641 | D:1      | Reached skill level 1 in Crossbows
   641 | D:1      | Reached skill level 1 in Throwing
   641 | D:1      | Reached skill level 1 in Armour
   641 | D:1      | Reached skill level 1 in Shields
   641 | D:1      | Reached skill level 1 in Unarmed Combat
   641 | D:1      | Reached skill level 1 in Evocations
   878 | D:2      | Reached XP level 4. HP: 32/32 MP: 6/11
  1244 | D:2      | Found an iron altar of Okawaru.
  1363 | D:2      | Reached skill level 1 in Hexes
  1363 | D:2      | Reached skill level 1 in Charms
  1363 | D:2      | Reached skill level 1 in Summonings
  1363 | D:2      | Reached skill level 1 in Necromancy
  1363 | D:2      | Reached skill level 1 in Translocations
  1363 | D:2      | Reached skill level 1 in Transmutations
  1363 | D:2      | Reached skill level 1 in Fire Magic
  1363 | D:2      | Reached skill level 1 in Ice Magic
  1363 | D:2      | Reached skill level 1 in Air Magic
  1363 | D:2      | Reached skill level 1 in Earth Magic
  1363 | D:2      | Reached skill level 1 in Poison Magic
  1481 | D:3      | Reached XP level 5. HP: 14/37 MP: 3/12
  2342 | D:4      | Noticed an ogre
  2347 | D:4      | Killed an ogre
  2347 | D:4      | Reached XP level 6. HP: 44/44 MP: 6/13
  2529 | D:4      | Reached skill level 5 in Dodging
  2655 | D:4      | Found a bloodstained altar of Trog.
  2972 | D:5      | Entered Level 5 of the Dungeon
  2991 | D:4      | Learned a level 4 spell: Iskenderun's Mystic Blast
  2995 | D:4      | Learned a level 3 spell: Dazzling Spray
  3032 | D:5      | Found a runed door.
  3088 | D:5      | Noticed Crazy Yiuf
  3095 | D:5      | Killed Crazy Yiuf
  3095 | D:5      | Reached XP level 7. HP: 44/50 MP: 7/15
  3234 | D:5      | Noticed Pikel
  3245 | D:5      | Killed Pikel
  3245 | D:5      | Reached skill level 5 in Stealth
  3245 | D:5      | Reached XP level 8. HP: 46/58 MP: 1/16
  3392 | D:5      | Learned a level 3 spell: Confuse
  3395 | D:5      | Learned a level 2 spell: Ensorcelled Hibernation
  4262 | D:6      | Found a shattered altar of Ashenzari.
  4337 | D:6      | Reached XP level 9. HP: 26/65 MP: 6/18
  4684 | D:6      | Found a staircase to the Ecumenical Temple.
  4943 | Temple   | Entered the Ecumenical Temple
  4960 | Temple   | Became a worshipper of Dithmenos the Shadowed
  5093 | D:7      | Noticed Joseph
  5103 | D:7      | Paralysed by Joseph for 5 turns
  5114 | D:7      | Killed Joseph
  5155 | D:6      | Slain by a hound

Skill      XL: |  1  2  3  4  5  6  7  8  9 |
---------------+----------------------------+-----
Spellcasting   | 5 6 |  6.5
Invocations    | 1 2 3 4 |  4.4
Fighting       | 1 2 3 4 |  4.0
Short Blades   | 1 2 3 4 |  4.0
Long Blades    | 1 2 3 4 |  4.0
Axes           | 1 2 3 4 |  4.0
Maces & Flails | 1 2 3 4 |  4.0
Polearms       | 1 2 3 4 |  4.0
Staves         | 1 2 3 4 |  4.0
Slings         | 1 2 3 4 |  4.0
Bows           | 1 2 3 4 |  4.0
Crossbows      | 1 2 3 4 |  4.0
Throwing       | 1 2 3 4 |  4.0
Armour         | 1 2 3 4 |  4.0
Shields        | 1 2 3 4 |  4.0
Unarmed Combat | 1 2 3 4 |  4.0
Evocations     | 1 2 3 4 |  4.0
Hexes          | 1 2 3 |  3.3
Charms         | 1 2 3 |  3.3
Summonings     | 1 2 3 |  3.3
Necromancy     | 1 2 3 |  3.3
Translocations | 1 2 3 |  3.3
Transmutations | 1 2 3 |  3.3
Fire Magic     | 1 2 3 |  3.3
Ice Magic      | 1 2 3 |  3.3
Air Magic      | 1 2 3 |  3.3
Earth Magic    | 1 2 3 |  3.3
Poison Magic   | 1 2 3 |  3.3
Dodging        | 5 6 |  6.1
Stealth        | 5 |  5.9
Conjurations   | |  7.9

Action                   |  1- 3 |  4- 6 |  7- 9 || total
-------------------------+-------+-------+-------++-------
Melee: Unarmed           |     8 |       |       ||     8
       Bite              |     4 |     5 |    16 ||    25
       Dagger            |    30 |    50 |    47 ||   127
       Club              |     6 |       |       ||     6
       Short sword       |       |     7 |       ||     7
       Quarterstaff      |       |       |    41 ||    41
       Whip              |       |       |    69 ||    69
       Punch             |       |       |     2 ||     2
Throw: Tomahawk          |       |     3 |     9 ||    12
 Cast: Magic Dart        |    57 |    95 |    68 ||   220
       Iskenderun's Myst |       |     3 |     9 ||    12
       Confuse           |       |       |     3 ||     3
  Use: Scroll            |       |     3 |     1 ||     4
       Potion            |       |       |     2 ||     2
 Stab: Sleeping          |       |     9 |     3 ||    12
       Confused          |       |       |     3 ||     3
  Eat: Chunk             |       |     7 |     7 ||    14
Armor: Robe              |     3 |       |       ||     3
       Leather armour    |    11 |    12 |    52 ||    75
Dodge: Dodged            |    44 |    41 |   191 ||   276
